 Dungeon Crawl Stone Soup version 0.20.0-15-g7f486f2 (webtiles) character file.

59789 theElss the Peltast (level 14, -7/88 HPs)
             Began as a Gargoyle Berserker on June 10, 2017.
             Was a High Priest of Trog.
             Killed from afar by a fire dragon (47 damage)
             ... with a blast of flame
             ... in a volcano.
             The game lasted 01:04:27 (22427 turns).

theElss the Peltast (Gargoyle Berserker)           Turns: 22427, Time: 01:04:28

Health: -7/88      AC: 33    Str: 25    XL:     14   Next: 96%
Magic:  14/14      EV: 15    Int:  8    God:    Trog [*****.]
Gold:   1681       SH: 15    Dex: 10    Spells: 13/13 levels left

rFire    . . .     SeeInvis +   D - +2 flail of the First Planets {crush, +Inv rElec rN++}
rCold    . . .     Gourm    .   A - +0 shield
rNeg     + + +     Faith    +   w - +0 chain mail
rPois    ∞         Spirit   .   E - +2 helmet {SInv}
rElec    +         Reflect  .   V - +2 cloak
rCorr    .         Harm     .   q - +1 pair of gloves
MR       +....                  d - +1 pair of boots {run}
Stlth    ..........             j - amulet of faith
Regen    0.3/turn               B - ring of stealth
MPRegen  0.2/turn               P - +4 ring of evasion

@: flying, studying Maces & Flails, quick
A: big wings, negative energy resistance 1, electricity resistance, unbreathing,
petrification resistance, rot immunity, AC +9
a: Stop Flying, Berserk, Trog's Hand, Brothers in Arms, Burn Spellbooks,
Renounce Religion, Evoke Invisibility


You were in a volcano.
You worshipped Trog.
Trog was extremely pleased with you.
You were full.

You visited 3 branches of the dungeon, and saw 20 of its levels.
You also visited: Sewer and Volcano.

You collected 1681 gold pieces.

Inventory:

Hand Weapons
 D - the +2 flail of the First Planets (weapon) {crush, +Inv rElec rN++}
   (You found it on level 1 of the Lair of Beasts)

   It inflicts extra damage upon your enemies.
   It insulates you from electricity.
   It greatly protects you from negative energy.
   It lets you turn invisible.
Armour
 d - a +1 pair of boots of running (worn)
 q - a +1 pair of gloves (worn)
 w - a +0 chain mail (worn)
 A - a +0 shield (worn)
 E - a +2 helmet of see invisible (worn)
 F - the +2 scale mail "Biseuw" {+Blink rElec rPois Slay-4}
   (You found it on level 4 of the Dungeon)

   It affects your accuracy and damage with ranged weapons and melee attacks
   (-4).
   It insulates you from electricity.
   It protects you from poison.
   It lets you blink.
 V - a +2 cloak (worn)
Jewellery
 j - an amulet of faith (around neck)
 p - an uncursed amulet of the gourmand
 B - a ring of stealth (left hand)
 P - a +4 ring of evasion (right hand)
Scrolls
 a - 3 scrolls of fog {unknown}
 f - 4 scrolls of magic mapping
 i - 5 scrolls of teleportation
 m - 4 scrolls of blinking
 u - a scroll of brand weapon {unknown}
 x - 8 scrolls of remove curse
 C - 5 scrolls of fear
 G - a scroll of acquirement {unknown}
 I - a scroll of noise {unknown}
 N - 2 scrolls of recharging
 Y - a scroll of enchant armour {unknown}
Potions
 e - 3 potions of invisibility
 h - 10 potions of curing
 k - 7 potions of brilliance
 n - 4 potions of heal wounds
 r - 2 potions of might {unknown}
 t - a potion of cancellation {unknown}
 v - a potion of haste
 H - 3 potions of agility
 L - 3 potions of magic
 M - 2 potions of ambrosia {unknown}
 O - 2 potions of berserk rage {unknown}
 S - a potion of degeneration {unknown}
Books
 l - a book of Conjurations

   Spells                             Type                      Level
   a - Magic Dart                     Conjuration                  1
   b - Searing Ray                    Conjuration                  2
   c - Dazzling Spray                 Conjuration/Hexes            3
   d - Fulminant Prism                Conjuration/Hexes            4
   e - Force Lance                    Conjuration/Translocation    4
   f - Iskenderun's Mystic Blast      Conjuration                  4
   Trog disapproves of the use of such an item.
 W - a manual of Maces & Flails
 Z - a book of Changes

   Spells                             Type                      Level
   a - Beastly Appendage              Transmutation                1
   b - Sticks to Snakes               Transmutation                2
   c - Spider Form                    Transmutation/Poison         3
   d - Ice Form                       Ice/Transmutation            4
   e - Blade Hands                    Transmutation                5
   Trog disapproves of the use of such an item.
Comestibles
 c - 12 bread rations
 o - 35 fruits
 s - 27 royal jellies
 z - 12 meat rations


   Skills:
 + Level 10.2 Fighting
 * Level 15.2 Maces & Flails
 + Level 9.9 Armour
 + Level 5.5 Dodging
 + Level 17.1 Shields


You had 13 spell levels left.
You didn't know any spells.

Dungeon Overview and Level Annotations

Branches:
Dungeon (12/15)            Temple (0/1) D:7            Lair (6/6) D:10
  Swamp (0/4) Lair:3       Spider (0/4) Lair:3        Slime (0/5) Lair:6
    Orc (2/2) D:12
    Elf: Orc:2

Altars:
Dithmenos
Nemelex Xobeh
Vehumet

Shops:
Orc:2 :


Innate Abilities, Weirdness & Mutations

You are resistant to torment.
Your stone body is resilient. (AC +9)
You are immune to poison.
Your large and strong wings let you fly indefinitely.
You resist negative energy. (rN+)
You are resistant to electric shocks. (rElec)
You can survive without breathing.
You are immune to petrification.
You are immune to rotting.


Message History

The lindwurm completely misses you. You block the lindwurm's attack.
The lindwurm misses you.
Your chain mail prevents you from hitting the lindwurm.
The lindwurm is heavily wounded.
You sock the lindwurm!
The lindwurm is almost dead.
The lindwurm breathes flames at you. The blast of flame hits you!
You bludgeon the lindwurm!!
You kill the lindwurm!
Trog accepts your kill.
The fire dragon bites you but does no damage.
The fire dragon barely misses you. The fire dragon tramples you!
You are shoved backwards!
You hit the fire dragon.
The fire dragon is lightly wounded.
The fire dragon breathes flames at you. The blast of flame hits you!
Ouch! That really hurt!
You die...

.. ..# ...# #### #..#
####..###### #..#
##..........#### #.k#
###.....§≈≈§≈§...##
#..###8.....§§≈§§§≈.....
#∩hD.DD@...≈§§§≈≈≈§≈≈...
#..###8....§§≈≈≈§≈§§≈≈≈.
#DD# ##..§≈§≈§≈≈≈≈§§≈≈≈≈
#.D#
###...≈§§§≈≈≈≈≈§§≈≈≈
#..#
##....≈≈≈§§≈≈≈§§§§§§≈
...#
#....≈≈≈≈≈§§≈§§≈§≈§≈§
..#
#...§≈≈≈≈≈≈§≈≈≈§§§≈§≈ ..
#...≈≈≈§≈§≈≈≈≈≈≈≈§§§§
#....≈≈§§≈≈≈≈≈≈≈§≈≈≈≈


You could see a fire dragon, 2 steam dragons and a hell hound.

Vanquished Creatures
  Gastronok (D:11)
  Kirke (D:12)
  5 dire elephants (Lair:6)
  3 hydras
  A centaur warrior (D:12)
  An anaconda (Lair:6)
  6 two-headed ogres
  4 death yaks (Lair:4)
  A necromancer (D:9)
  A lindwurm (Volcano)
  An ugly thing (D:11)
  A faun (Lair:5)
  8 elephants
  Joseph (Lair:1)
  A cyclops (D:12)
  Psyche (D:12)
  2 black mambas
  2 torpor snails
  Maurice (D:9)
  8 spiny frogs
  2 gargoyles
  A rime drake (Lair:4)
  6 komodo dragons
  A queen bee (Lair:1)
  11 blink frogs
  A polar bear (Lair:6)
  2 hornets
  7 slime creatures
  Prince Ribbit (D:5)
  8 dream sheep
  5 hippogriffs
  2 redbacks (Lair:3)
  33 yaks
  A shadow (D:12)
  A water elemental (D:12)
  Sigmund (D:4)
  3 wyverns
  5 hogs
  6 fire bats (Volcano)
  2 basilisks
  Grum (D:9)
  A hungry ghost (D:7)
  2 steam dragons (Volcano)
  2 acid dragons (D:12)
  A warg (Orc:2)
  Edmund (D:6)
  13 water moccasins
  6 porcupines
  5 sky beasts
  4 ice beasts
  A black bear (Lair:3)
  6 orc warriors
  Purgy (Sewer)
  3 phantoms
  6 ogres
  46 wolves
  9 centaurs
  10 crocodiles
  4 big kobolds
  13 bullfrogs
  A wyvern zombie (D:10)
  3 scorpions
  25 killer bees (Lair:1)
  12 wights
  7 howler monkeys
  3 electric eels
  6 lava snakes (Volcano)
  3 crimson imps
  A bullfrog zombie (D:11)
  2 quasits
  8 jellies
  8 orc priests
  2 hounds
  Crazy Yiuf (D:6)
  5 centaur skeletons
  3 iguanas
  Ijyb (D:4)
  10 worker ants
  8 orc wizards
  A polar bear simulacrum (D:9)
  4 yak simulacra (D:9)
  5 wolf simulacra (D:9)
  A hound zombie (D:7)
  A hound skeleton (D:5)
  A howler monkey skeleton (D:7)
  3 gnolls (D:6)
  11 adders
  A river rat (D:5)
  4 shadow imps
  7 oozes
  3 worms
  2 dart slugs
  5 leopard geckos
  38 orcs
  10 bats
  13 giant cockroaches
  8 hobgoblins
  6 jackals (D:8)
  36 kobolds
  2 quokkas
  2 ball pythons
  3 frilled lizards
  4 goblins
  A leopard gecko skeleton (D:5)
  A quokka zombie (D:5)
  10 rats
  2 plants (Lair:6)
578 creatures vanquished.

Vanquished Creatures (collateral kills)
  Sonja (D:12)
  The ghost of grindst0ne the Arsonist, a novice DrFE of Vehumet (D:7)
  A kobold (D:12)
3 creatures vanquished.

Vanquished Creatures (others)
  A hippogriff (Lair:6)
  An orc wizard (D:5)
  9 fungi
  6 plants
17 creatures vanquished.

Grand Total: 598 creatures vanquished

Notes
Turn   | Place    | Note
-------+----------+-------------------------------------------
     0 | D:1      | theElss the Gargoyle Berserker began the quest for the Orb.
     0 | D:1      | Reached XP level 1. HP: 14/14 MP: 1/1
   161 | D:1      | Reached XP level 2. HP: 10/19 MP: 2/2
   984 | D:1      | Reached XP level 3. HP: 24/24 MP: 3/3
  1368 | D:2      | Reached ** piety under Trog
  1424 | D:2      | Reached XP level 4. HP: 17/29 MP: 4/4
  2258 | D:3      | Reached XP level 5. HP: 31/33 MP: 5/5
  2422 | D:3      | Reached *** piety under Trog
  2984 | D:4      | Noticed Ijyb
  2995 | D:4      | Killed Ijyb
  2995 | D:4      | Reached skill level 5 in Maces & Flails
  3147 | D:4      | Found a sparkling altar of Nemelex Xobeh.
  3147 | D:4      | Found a transporter.
  3163 | D:4      | Got a warped scale mail
  3190 | D:4      | Identified the +2 scale mail "Biseuw" {+Blink rElec rPois Slay-4} (You found it on level 4 of the Dungeon)
  3306 | D:4      | Noticed Sigmund
  3318 | D:4      | Killed Sigmund
  3318 | D:4      | Reached XP level 6. HP: 39/39 MP: 6/6
  3578 | D:5      | Entered Level 5 of the Dungeon
  3607 | D:5      | Found a glowing drain.
  3673 | Sewer    | Entered a sewer
  3799 | Sewer    | Noticed Purgy
  3805 | Sewer    | Killed Purgy
  3805 | Sewer    | Reached XP level 7. HP: 44/44 MP: 7/7
  3906 | D:5      | Noticed Prince Ribbit
  3922 | D:5      | Killed Prince Ribbit
  3999 | D:5      | Reached skill level 5 in Fighting
  4152 | D:5      | Reached XP level 8. HP: 44/49 MP: 8/8
  4766 | D:6      | Noticed Edmund
  4779 | D:6      | Killed Edmund
  5162 | D:6      | Reached **** piety under Trog
  5262 | D:6      | Reached XP level 9. HP: 50/55 MP: 9/9
  5574 | D:6      | Found a runed door.
  5738 | D:6      | Noticed Crazy Yiuf
  5742 | D:6      | Killed Crazy Yiuf
  6010 | D:7      | Noticed grindst0ne's ghost (novice DrFE)
  6040 | D:7      | Killed grindst0ne's ghost
  6040 | D:7      | Reached skill level 10 in Maces & Flails
  6040 | D:7      | Reached skill level 5 in Armour
  6083 | D:7      | Received a gift from Trog
  6459 | D:7      | Found a staircase to the Ecumenical Temple.
  6806 | D:7      | Reached XP level 10. HP: 57/63 MP: 10/10
  7068 | D:8      | Noticed a two-headed ogre
  7271 | D:8      | Killed a two-headed ogre
  7598 | D:8      | Found a shadowy altar of Dithmenos.
  7693 | D:8      | Reached skill level 1 in Shields
  7780 | D:8      | Reached skill level 2 in Shields
  7971 | D:9      | Noticed a two-headed ogre
  7980 | D:9      | Killed a two-headed ogre
  7980 | D:9      | Reached skill level 4 in Shields
  8108 | D:9      | Noticed Maurice
  8118 | D:9      | Reached skill level 5 in Shields
  8131 | D:9      | Killed Maurice
  8209 | D:9      | Reached skill level 6 in Shields
  8244 | D:9      | Reached ***** piety under Trog
  8275 | D:9      | Reached XP level 11. HP: 31/67 MP: 11/11
  8462 | D:9      | Received a gift from Trog
  8559 | D:9      | Noticed Grum
  8565 | D:9      | Reached skill level 7 in Shields
  8580 | D:9      | Killed Grum
  8706 | D:9      | Noticed a necromancer
  8718 | D:9      | Killed a necromancer
  8718 | D:9      | Reached skill level 8 in Shields
  8924 | D:9      | Identified a +1 pair of boots of running (You found it on level 9 of the Dungeon)
  9010 | D:10     | Entered Level 10 of the Dungeon
  9041 | D:10     | Found a staircase to the Lair.
  9394 | D:10     | Found a radiant altar of Vehumet.
  9624 | D:10     | Reached skill level 9 in Shields
  9838 | D:11     | Noticed a cyan ugly thing
  9972 | D:11     | Reached skill level 10 in Shields
 10380 | D:11     | Killed a cyan ugly thing
 10380 | D:11     | Reached skill level 11 in Shields
 10400 | D:11     | Noticed Gastronok
 10861 | D:11     | Noticed a two-headed ogre
 10870 | D:11     | Killed a two-headed ogre
 10870 | D:11     | Reached skill level 12 in Shields
 11142 | Lair:1   | Entered Level 1 of the Lair of Beasts
 11142 | Lair:1   | Noticed Joseph
 11156 | Lair:1   | Killed Joseph
 11156 | Lair:1   | Reached XP level 12. HP: 72/72 MP: 4/12
 11270 | Lair:1   | Got a brightly glowing flail
 11271 | Lair:1   | Identified the +2 flail of the First Planets {crush, +Inv rElec rN++} (You found it on level 1 of the Lair of Beasts)
 11447 | Lair:1   | Received a gift from Trog
 11578 | Lair:1   | Reached skill level 13 in Shields
 12657 | Lair:2   | Reached skill level 14 in Shields
 13356 | Lair:2   | Reached skill level 15 in Shields
 14203 | D:10     | Noticed a two-headed ogre
 14218 | D:10     | Killed a two-headed ogre
 14284 | Lair:3   | Found a staircase to the Swamp.
 14459 | Lair:3   | Reached XP level 13. HP: 78/78 MP: 13/13
 14476 | Lair:3   | Found a hole to the Spider Nest.
 14733 | Lair:3   | Received a gift from Trog
 16775 | Lair:5   | Reached skill level 5 in Dodging
 16875 | Lair:5   | Reached skill level 16 in Shields
 17343 | Lair:5   | Received a gift from Trog
 17926 | Lair:6   | Entered Level 6 of the Lair of Beasts
 18213 | Lair:6   | Gained mutation: Your large and strong wings let you fly indefinitely. [Gargoyle growth]
 18213 | Lair:6   | Reached XP level 14. HP: 86/86 MP: 14/14
 18282 | Lair:6   | Found a staircase to the Slime Pits.
 18969 | Lair:6   | Noticed a dire elephant
 19004 | Lair:6   | Killed a dire elephant
 19147 | Lair:6   | Noticed a dire elephant
 19147 | Lair:6   | Noticed a dire elephant
 19168 | Lair:6   | Killed a dire elephant
 19179 | Lair:6   | Killed a dire elephant
 19534 | Lair:6   | Noticed a dire elephant
 19549 | Lair:6   | Killed a dire elephant
 19560 | Lair:6   | Noticed a dire elephant
 19730 | Lair:6   | Killed a dire elephant
 20096 | D:11     | Killed Gastronok
 20191 | D:12     | Noticed Sonja
 20230 | D:12     | Noticed Kirke
 20403 | D:12     | Killed Kirke
 20676 | D:12     | Killed Sonja
 21021 | D:12     | Noticed Psyche
 21031 | D:12     | Killed Psyche
 21074 | D:12     | Received a gift from Trog
 21106 | D:12     | Reached skill level 15 in Maces & Flails
 21158 | D:12     | Reached skill level 10 in Fighting
 21188 | D:12     | Found a shadowy altar of Dithmenos.
 21565 | D:12     | Found a staircase to the Orcish Mines.
 21852 | Orc:1    | Entered Level 1 of the Orcish Mines
 21867 | Orc:1    | Reached skill level 17 in Shields
 22008 | Orc:2    | Entered Level 2 of the Orcish Mines
 22052 | Orc:2    | Found Reyneet's Book Shoppe.
 22073 | Orc:2    | Found a dark tunnel.
 22091 | Volcano  | Entered a volcano
 22427 | Volcano  | Killed from afar by a fire dragon

Skill      XL: |  1  2  3  4  5  6  7  8  9 10 11 12 13 14 |
---------------+-------------------------------------------+-----
Maces & Flails | 4 5 6 7 9 10 11 13 15 | 15.2
Fighting       | 4 5 6 7 9 10 | 10.2
Dodging        | 2 3 4 5 |  5.5
Armour         | 3 4 6 7 8 9 |  9.9
Shields        | 6 12 15 16 17 | 17.1

Action                   |  1- 3 |  4- 6 |  7- 9 | 10-12 | 13-15 || total
-------------------------+-------+-------+-------+-------+-------++-------
Melee: Mace              |   145 |   203 |   363 |   729 |       ||  1440
       Flail             |       |       |       |   454 |  1230 ||  1684
       Unarmed           |       |       |       |       |    18 ||    18
Invok: Berserk           |     1 |     4 |     7 |    10 |     9 ||    31
       Trog's Hand       |       |       |     1 |     1 |       ||     2
       Brothers in Arms  |       |       |     1 |       |     3 ||     4
 Abil: Fly               |       |       |       |       |     1 ||     1
  Use: Scroll            |       |       |       |    13 |     4 ||    17
 Stab: Sleeping          |       |     1 |       |       |       ||     1
  Eat: Chunk             |     2 |    12 |    28 |    38 |    32 ||   112
Armor: Animal skin       |    61 |    55 |       |       |       ||   116
       Chain mail        |       |    41 |   238 |   568 |   498 ||  1345
Dodge: Dodged            |   118 |   127 |   166 |   447 |   537 ||  1395
Block: Buckler           |       |       |       |   257 |       ||   257
       Shield            |       |       |       |    49 |   876 ||   925
